 Dungeon Crawl Stone Soup version 0.18-a0-29-gce27f3c (webtiles) character file.

49 tp1 the Magician (level 3, 0/19 HPs)
             Began as a Deep Elf Wizard on Nov 4, 2015.
             Killed from afar by Ijyb (7 damage)
             ... with a wand of flame
             ... on level 2 of the Dungeon.
             The game lasted 00:07:27 (2438 turns).

tp1 the Magician (Deep Elf Wizard)                  Turns: 2438, Time: 00:07:27

Health: 0/19       AC:  3    Str:  4      XL:     3   Next: 51%
Magic:  16/19      EV: 12    Int: 23      God:
Gold:   120        SH:  0    Dex:  9 (13) Spells: 2 memorised, 6 levels left

rFire  . . .     SeeInvis .     t - +1 spear (chaos)
rCold  . . .     Clarity  .     a - +0 robe
rNeg   . . .     SustAt   .     (no shield)
rPois  .         Gourm    .     b - +0 hat
rElec  .         Spirit   .     (no cloak)
rCorr  .         Warding  .     (no gloves)
rMut   .         Stasis   .     (no boots)
MR     .....                    (no amulet)
Stlth  ++........               i - ring of magical power
                                h - +1 ring of protection

@: not resistant to hostile enchantments, unstealthy
A: no striking features
a: no special abilities


You were on level 2 of the Dungeon.
You were hungry.

You visited 1 branch of the dungeon, and saw 2 of its levels.

You collected 120 gold pieces.

Inventory:

Hand Weapons
 s - a +0 short sword
 t - a +1 spear of chaos (weapon)
Armour
 a - a +0 robe (worn)
 b - a +0 hat (worn)
Jewellery
 h - a +1 ring of protection (left hand)
 i - a ring of magical power (right hand)
Scrolls
 e - 3 scrolls of identify {unknown}
 g - a scroll of amnesia {unknown}
 j - 2 scrolls of fog {unknown}
 k - 2 scrolls of magic mapping {unknown}
 o - a scroll of random uselessness {unknown}
 q - a scroll of fear {unknown}
Potions
 p - a potion of curing
Books
 c - a book of Minor Magic

   Spells                             Type                      Level
   a - Magic Dart                     Conjuration                  1
   b - Blink                          Translocation                2
   c - Call Imp                       Summoning                    2
   d - Repel Missiles                 Charms/Air                   2
   e - Slow                           Hexes                        2
   f - Conjure Flame                  Conjuration/Fire             3
   g - Mephitic Cloud                 Conjuration/Poison/Air       3
Comestibles
 d - 4 bread rations
 f - a meat ration
 r - 5 chunks of flesh


   Skills:
 - Level 2.4 Dodging
 - Level 2.4 Stealth
 - Level 4.4 Spellcasting
 + Level 3.8 Conjurations
   Level 1.1 Summonings
   Level 1.1 Translocations


You had 6 spell levels left.
You knew the following spells:

 Your Spells              Type           Power        Failure   Level  Hunger
a - Magic Dart            Conj           ###.         2%          1    None
b - Conjure Flame         Conj/Fire      ##......     14%         3    ##.....


Dungeon Overview and Level Annotations

Branches:
Dungeon (2/15)

Altars:
Kikubaaqudgha
Trog
Xom

Annotations:
D:2 Ijyb


Message History

Aim: a bat The magic dart hits the bat.
You kill the bat!
Some of the chunks of flesh in your inventory have rotted away.
You see here a bat corpse.
You see here a bat corpse.
You butcher the bat corpse.
r - 5 chunks of flesh (gained 1)
You see here a bat skeleton.
Okay, then.
Ijyb shouts!
Ijyb zaps a wand.
The puff of flame hits you!
It is a wand of flame.
Casting: Magic Dart
Confirm with . or Enter, or press ? or * to list all spells.
Aiming: Conjure Flame
Press: ? - help, Dir - move target cursor The fire roars!
You are feeling hungry.
Ijyb zaps a wand.
The puff of flame hits you!
You die...

#.# #.# #.# #.# #.## #...
##### ###.
###...####################.
#.........@..ยง...g......##.
#.....#.########## #.#..
#.###.#.# #.##. #.# #.#.#
#.### #.###.#.# #####.###
#.....#.# #.......#
#.......###########.###.#.#
###.######.......##.###.#.#
##.## #.......##.##..#.#


You could see Ijyb.

Vanquished Creatures
  An adder (D:2)
  A worm (D:2)
  2 giant geckos
  An orc (D:2)
  2 goblins (D:1)
  6 hobgoblins
  7 bats
  2 giant cockroaches (D:1)
  2 giant newts (D:2)
  4 kobolds
  5 rats (D:2)
33 creatures vanquished.

Notes
Turn   | Place    | Note
--------------------------------------------------------------
     0 | D:1      | tp1 the Deep Elf Wizard began the quest for the Orb.
     0 | D:1      | Reached XP level 1. HP: 10/10 MP: 7/7
   274 | D:1      | Reached XP level 2. HP: 15/15 MP: 5/9
   388 | D:1      | You fall through a shaft!
   390 | D:2      | Found a bloodstained altar of Trog.
   418 | D:2      | Noticed Ijyb
  1989 | D:2      | Reached XP level 3. HP: 19/19 MP: 8/10
  2115 | D:2      | Found an ancient bone altar of Kikubaaqudgha.
  2228 | D:2      | Learned a level 3 spell: Conjure Flame
  2284 | D:2      | Found a shimmering altar of Xom.
  2438 | D:2      | Killed from afar by Ijyb

Vault maps used:
D:1:      enne_arrival_octagon_isle
D:2:      marbit_many_paths, overflow_temple_1_default,
          overflow_temple_1_default, tgw_xom, uniq_iyjb

Action                   || total
-------------------------++-------
Melee: Spear             ||     4
 Cast: Magic Dart        ||    67
       Conjure Flame     ||     2
  Use: Potion            ||     4
  Eat: Chunk             ||     4
